 Dungeon Crawl Stone Soup version 0.29-a0-214-g17f627cfee (webtiles) character file.

Game seed: 14986911161205613643

117 mcwallace the Ducker (level 5, -1/30 HPs)
             Began as a Tengu Arcane Marksman on Feb 24, 2022.
             Slain by a sky beast (5 damage)
             ... on level 5 of the Dungeon.
             The game lasted 00:05:13 (3421 turns).

mcwallace the Ducker (Tengu Arcane Marksman)        Turns: 3421, Time: 00:05:13

Health: -1/30      AC:  2    Str: 11    XL:     5   Next: 1%
Magic:  9/9        EV: 15    Int: 13    God:
Gold:   277        SH:  0    Dex: 16    Spells: 7/8 levels left

rFire   . . .      SeeInvis .   a - +0 shortbow {bow}
rCold   . . .      Faith    .   (shield currently unavailable)
rNeg    . . .      Spirit   .   b - +0 robe
rPois   .          Reflect  .   (helmet restricted)
rElec   .          Harm     .   (no cloak)
rCorr   .          Rampage  .   (no gloves)
Will    .....                   (boots unavailable)
Stlth   +.........              (no amulet)
HPRegen 0.10/turn               (no ring)
MPRegen 0.11/turn               (no ring)

@: flying quickly and evasively, quick
A: beak, talons 3, nimble flight
a: no special abilities


You were on level 5 of the Dungeon.
You visited 1 branch of the dungeon, and saw 5 of its levels.

You collected 277 gold pieces.


Innate Abilities, Weirdness & Mutations

You have a beak for a mouth.
You have claws for feet.
Your magical nature lets you fly swiftly and evasively.


   Skills:
 + Level 2.1 Fighting
 + Level 3.1 Bows
 + Level 3.1 Dodging
 + Level 2.0 Spellcasting
 + Level 2.6 Hexes


You had 7 spell levels left.
You knew the following spells:

 Your Spells              Type           Power      Damage    Failure   Level
a - Slow                  Hex            32%        N/A       9%          1

Your spell library contained the following spells:

 Spells                   Type           Power      Damage    Failure   Level
 Sting                    Tmut/Pois      4%         1d3       26%         1
 Confusing Touch          Hex            8%         N/A       26%         3
 Poisonous Vapours        Pois/Air       2%         N/A       36%         2
 Inner Flame              Hex/Fire       4%         N/A       41%         3
 Portal Projectile        Hex/Tloc       8%         N/A       41%         3
 Cause Fear               Hex            4%         N/A       63%         4
 Olgreb's Toxic Radiance  Pois           1%         N/A       94%         4
 Yara's Violent Unravell  Hex/Tmut       2%         3d3       99%         5
 Enfeeble                 Hex            4%         N/A       100%        7

Inventory:

Hand Weapons
 a - a +0 shortbow (weapon) {bow}
Missiles
 k - 33 stones {throwing}
 s - 3 curare-tipped darts {=fthrowing}
Armour
 b - a +0 robe (worn)
 f - a +0 ring mail
   (You found it on level 1 of the Dungeon)
 i - a +0 scale mail
   (You found it on level 1 of the Dungeon)
 o - a +0 chain mail
   (You found it on level 2 of the Dungeon)
 q - a +0 scale mail
   (You found it on level 2 of the Dungeon)
 r - a +0 leather armour of willpower
   (You found it on level 2 of the Dungeon)
 u - a +0 ring mail
   (You found it on level 2 of the Dungeon)
 x - a +0 scale mail
   (You found it on level 2 of the Dungeon)
 y - a +0 robe
   (You found it on level 3 of the Dungeon)
 C - a +0 robe
   (You took it off an orc wizard on level 3 of the Dungeon)
 D - a +0 leather armour
   (You took it off an orc on level 3 of the Dungeon)
Wands
 t - a wand of flame (5)
   (You found it on level 2 of the Dungeon)
Scrolls
 c - 3 scrolls of teleportation {unknown}
 e - a scroll of blinking {unknown}
 h - 2 scrolls of magic mapping {unknown}
 j - 2 scrolls of identify {unknown}
 n - a scroll of vulnerability {unknown}
 p - a scroll of amnesia {unknown}
 E - a scroll of noise {unknown}
Potions
 d - 2 potions of curing {unknown}
 g - 2 potions of flight {unknown}
 l - a potion of haste {unknown}
 m - 3 potions of heal wounds {unknown}
 v - 2 potions of brilliance {unknown}
 w - a potion of berserk rage {unknown}
 z - a potion of might {unknown}
 A - a potion of lignification {unknown}
 B - a potion of magic {unknown}
 F - 2 potions of degeneration {unknown}

Dungeon Overview and Level Annotations

Branches:
Dungeon (5/15)
 Temple: D:4-7

Altars:

Shops:
D:1 =

Annotations:
D:4 Sigmund

#.# #.# #.# ## #.# ..
#######.##.#
############
...........#
#..........# #.#
#.########.#########.#
#.# #.....@{....# ##.#
############# ...#
####


There were no monsters in sight!


Message History

😎 HP[+4] MP[+1]
You now have 30 max hp (+4).
Your hp is fully restored (30).
Your mp is fully restored (9).
A giant cockroach comes into view.
You see here a scroll labelled JIGIW USOTA.
A giant cockroach is nearby!
Shoot: a) +0 shortbow {bow}
Press: ? - help, Q - select action, (/) - cycle Shift-Dir - straight line, f - giant cockroach
Aim: a giant cockroach (asleep, 98% to hit)
You shoot an arrow.
The arrow hits the giant cockroach but does no damage.
Shoot: a) +0 shortbow {bow}
Press: ? - help, Q - select action, (/) - cycle Shift-Dir - straight line, f/p - giant cockroach
Aim: a giant cockroach (62% to hit)
You shoot an arrow. The arrow hits the giant cockroach!
You kill the giant cockroach!
c - 3 scrolls labelled JIGIW USOTA (gained 1)
You reach down and open the door.
There is an open door here.
A sourceless malevolence fills the Dungeon... and a teleportation trap spontaneously manifests!
You are yanked towards a nearby monster!
Your surroundings suddenly seem different.
Sigmund the Dreaded comes into view.
He is wielding a +3 scythe of freezing and wearing a +2 robe of positive energy.
Found a stone staircase leading down.
Sigmund shouts!
There is a stone staircase leading down here.
You can't go up here!
Sigmund points at you and mumbles some strange words.
You are confused.
You fly downwards.
There is a stone staircase leading up here.
Unknown command.
You bump into the rock wall.
There is a stone staircase leading up here.
You feel less confused.
There is a stone staircase leading up here.
There is a stone staircase leading up here.
There is a stone staircase leading up here.
There is a stone staircase leading up here.
A sky beast comes into view.
Shoot: a) +0 shortbow {bow}
Press: ? - help, Q - select action, (/) - cycle Shift-Dir - straight line, f - sky beast
Aim: a sky beast (wandering, hasn't noticed you, 51% to hit)
You shoot an arrow. The arrow barely misses the sky beast.
Shoot: a) +0 shortbow {bow}
Press: ? - help, Q - select action, (/) - cycle Shift-Dir - straight line, f/p - sky beast
Aim: a sky beast (51% to hit)
You shoot an arrow. The arrow closely misses the sky beast.
Shoot: a) +0 shortbow {bow}
Press: ? - help, Q - select action, (/) - cycle Shift-Dir - straight line, f/p - sky beast
Aim: a sky beast (51% to hit)
You shoot an arrow.
The arrow hits the sky beast but does no damage.
Aiming: Throw Flame
Press: ? - help, Q - select action, (/) - cycle Shift-Dir - straight line, f/p - sky beast
Aim: a sky beast (56% to hit)
The puff of flame hits the sky beast!
Aiming: Throw Flame
Press: ? - help, Q - select action, (/) - cycle Shift-Dir - straight line, f/p - sky beast
Aim: a sky beast (moderately wounded, 56% to hit)
The puff of flame misses the sky beast.
The sky beast hits you. The sky beast shocks you. 😮 HP[-8]
You take 8 damage, and now have 22/30 hp.
MASSIVE DAMAGE!! (PAUSE)
Aiming: Throw Flame
Press: ? - help, Q - select action, (/) - cycle Shift-Dir - straight line, f/p - sky beast
Aim: a sky beast (moderately wounded, 56% to hit)
The puff of flame hits the sky beast.
The sky beast hits you. The sky beast shocks you.
* * * LOW HITPOINT WARNING * * *
😨 HP[-8]
You take 8 damage, and now have 14/30 hp.
MASSIVE DAMAGE!! (PAUSE)
Aiming: Throw Flame
Press: ? - help, Q - select action, (/) - cycle Shift-Dir - straight line, f/p - sky beast
Aim: a sky beast (moderately wounded, 56% to hit)
The puff of flame misses the sky beast.
The sky beast hits you but does no damage.
Aiming: Throw Flame
Press: ? - help, Q - select action, (/) - cycle Shift-Dir - straight line, f/p - sky beast
Aim: a sky beast (moderately wounded, 56% to hit)
The puff of flame hits the sky beast!
The sky beast hits you.
* * * LOW HITPOINT WARNING * * *
The sky beast shocks you.
* * * LOW HITPOINT WARNING * * *
😱 HP[-8]
You take 8 damage, and now have 6/30 hp.
MASSIVE DAMAGE!! (PAUSE)
Aiming: Throw Flame
Press: ? - help, Q - select action, (/) - cycle Shift-Dir - straight line, f/p - sky beast
Aim: a sky beast (heavily wounded, 56% to hit)
The puff of flame hits the sky beast!
The sky beast flickers out of sight!
Deactivating autopickup; reactivate with Ctrl-A.
Something hits you.
* * * LOW HITPOINT WARNING * * *
Something shocks you.
You die...

Skill      XL: |  1  2  3  4 |
---------------+-------------+-----
Dodging        | 3 |  3.1
Fighting       | 2 |  2.1
Bows           | 3 |  3.1
Spellcasting   | 2 |  2.0
Hexes          | |  2.6

Action                   |  1- 3 |  4- 6 || total
-------------------------+-------+-------++-------
 Fire: Shortbow          |    85 |    39 ||   124
 Cast: Slow              |     4 |       ||     4
Evoke: Wand              |     2 |    13 ||    15
Armor: Robe              |     7 |     2 ||     9
Dodge: Dodged            |    23 |     4 ||    27

Levels and vault maps discovered:
D:1:      dpeg_arrival_long_road, layout_loops_ring, serial_shops, shop_coins
D:2:      layout_loops_corners, dreamdust_ecumenical_altar_grove
D:3:      layout_loops_ring, minmay_misc_feat_diagonals, minmay_cut_off
D:4:      layout_basic, minmay_temple_entry_nine_rooms, fountainhead,
          hangedman_decor_opposing, uniq_eustachio, uniq_sigmund
D:5:      layout_loops_ring, uniq_menkaure, uniq_pikel, uniq_crazy_yiuf_cottage

Notes
Turn   | Place    | Note
-------+----------+-------------------------------------------
     0 | D:1      | mcwallace the Tengu Arcane Marksman began the quest for the
                  | Orb.
     0 | D:1      | Reached XP level 1. HP: 12/12 MP: 3/3
     0 | D:1      | magus.rc [v1.9.6]
   192 | D:1      | Reached XP level 2. HP: 15/16 MP: 4/4
   517 | D:1      | Found Eriw's Jewellery Emporium.
   726 | D:1      | Reached XP level 3. HP: 20/20 MP: 6/6
  1003 | D:2      | Found a faded altar of an unknown god.
  1084 | D:2      | HP: 4/20 [gnoll/+0 spear (8)]
  1392 | D:2      | You pick up a book of Misfortune and begin reading...
  1392 | D:2      | You add the spells Confusing Touch, Yara's Violent
                  | Unravelling and Enfeeble to your library.
  1709 | D:2      | Reached XP level 4. HP: 25/26 MP: 7/7
  2815 | D:3      | Reached skill level 3 in Dodging
  2819 | D:3      | Reached skill level 2 in Fighting
  2819 | D:3      | Reached skill level 3 in Bows
  2874 | D:3      | Reached skill level 2 in Spellcasting
  3058 | D:3      | You add the spells Sting, Poisonous Vapours and Olgreb's
                  | Toxic Radiance to your library.
  3310 | D:4      | Gained mutation: Your magical nature lets you fly swiftly
                  | and evasively. [Tengu growth]
  3310 | D:4      | Reached XP level 5. HP: 30/30 MP: 9/9
  3360 | D:4      | Noticed Sigmund
  3364 | D:5      | Entered Level 5 of the Dungeon
  3406 | D:5      | Noticed a sky beast
  3420 | D:5      | HP: 6/30 [sky beast (6)]
  3421 | D:5      | Slain by a sky beast

Vanquished Creatures
  An orc wizard (D:3)
  2 gnolls (D:2)
  An adder (D:2)
  2 dart slugs (D:2)
  2 orcs (D:3)
  6 bats
  10 endoplasms
  5 giant cockroaches
  3 goblins
  5 hobgoblins
  A quokka (D:1)
  A ball python (D:2)
  3 frilled lizards
  5 kobolds
  8 rats
55 creatures vanquished.

Vanquished Creatures (others)
  4 fungi (D:2)
  2 plants (D:2)
6 creatures vanquished.

Grand Total: 61 creatures vanquished

Table legend:
 A = Non-vault XP
 B = Vault XP
 C = Vault XP percentage of total XP
 D = Non-vault monster count
 E = Vault monster count
 F = Vault count percentage of total count
                 A         B        C        D         E       F
            +---------+---------+-------+---------+---------+-------
      Total |     166 |       2 |   1.2 |      54 |       1 |   1.8
            +---------+---------+-------+---------+---------+-------
        D:1 |      34 |       0 |   0.0 |      21 |       0 |   0.0
        D:2 |      70 |       0 |   0.0 |      18 |       0 |   0.0
        D:3 |      56 |       2 |   3.4 |      12 |       1 |   7.7
        D:4 |       6 |       0 |   0.0 |       3 |       0 |   0.0
            +---------+---------+-------+---------+---------+-------

Illustrated notes

Table legend:
 A = Kills in this place as a percentage of kills in entire the game.
 B = Kills by you in this place as a percentage of kills by you in the entire game.
 C = Kills by friends in this place as a percentage of kills by friends in the entire game.
 D = Other kills in this place as a percentage of other kills in the entire game.
 E = Experience gained in this place as a percentage of experience gained in the entire game.
 F = Experience gained in this place divided by the number of levels of this place that you have seen.
                   A       B       C       D       E      F
               +-------+-------+-------+-------+-------+----------------------
         Total | 100.0 | 100.0 |   N/A |   N/A | 100.0 |  33.6
       Dungeon | 100.0 | 100.0 |   N/A |   N/A | 100.0 |  33.6
               +-------+-------+-------+-------+-------+----------------------

Table legend: (Time is in decaauts)
 A = Elapsed time spent in this place.
 B = Non-inter-level travel time spent in this place.
 C = Inter-level travel time spent in this place.
 D = Time resting spent in this place.
 E = Time spent auto-exploring this place.
 F = Levels seen in this place.
 G = Mean time per level.
                   A        B        C        D        E       F      G
               +--------+--------+--------+--------+--------+-----+--------+
         Total |   3457 |   3087 |    370 |    407 |   2261 |   5 |  691.4 |
       Dungeon |   3457 |   3087 |    370 |    407 |   2261 |   5 |  691.4 |
               +--------+--------+--------+--------+--------+-----+--------+

Top non-repeatable levels by time:
     D:2: 1332 daAuts
     D:1: 1273 daAuts
     D:3: 743 daAuts
     D:4: 55 daAuts
     D:5: 53 daAuts
